TOP OF THE 1ST |
Memphis Redbirds batting - Pitching for Reno Aces : RHP Yeong-kil Suck
|
Pitching: RHP Yeong-kil Suck
|
|
Batting: RHB Joe Smack
|
0-0: Ball 1-0: Ball 2-0: Ball 3-0: Called Strike 3-1: Base on Balls
|
Batting: SHB Dan Lash
|
0-0: Called Strike 0-1: Ball 1-1: Grounds into double play, 4-6-3 (Groundball, 4, EV 88.8 MPH)
|
Batting: LHB Kyle Schaible
|
0-0: Ball 1-0: Ball 2-0: Swinging Strike 2-1: Foul Ball, location: 2F 2-2: Strikes out swinging
|
Top of the 1st over - 0 runs, 0 hits, 0 errors, 0 left on base; Memphis 0 - Reno 0 |
BOTTOM OF THE 1ST |
Reno Aces batting - Pitching for Memphis Redbirds : RHP Paul Schwartz
|
Pitching: RHP Paul Schwartz
|
|
Batting: SHB Carlos Rodriguez
|
0-0: Ball 1-0: Called Strike 1-1: Ball 2-1: Called Strike 2-2: Ground out 1-3 (Groundball, 13S, EV 68.1 MPH)
|
Batting: LHB Ian Jarvis
|
0-0: Ball 1-0: Called Strike 1-1: Ball 2-1: SOLO HOME RUN (Flyball, 9D, EV 110.0 MPH), Distance : 406 ft
|
Batting: LHB Kevin Ferguson
|
0-0: Ball 1-0: Called Strike 1-1: SINGLE (Line Drive, 7S, EV 93.8 MPH)
|
Batting: LHB Jeff Densmore
|
0-0: Foul Ball, location: 2F 0-1: Foul Ball, location: 2F 0-2: Ball 1-2: Strikes out looking
|
Batting: LHB Steve Reinhart
|
0-0: Called Strike 0-1: Called Strike 0-2: Ball 1-2: Ball 2-2: Foul Ball, location: 2F 2-2: Foul Ball, location: 2F 2-2: Strikes out swinging
|
Bottom of the 1st over - 1 run, 2 hits, 0 errors, 1 left on base; Memphis 0 - Reno 1 |
TOP OF THE 2ND |
Memphis Redbirds batting - Pitching for Reno Aces : RHP Yeong-kil Suck
|
Batting: LHB Ronnie Ashley
|
0-0: Swinging Strike 0-1: Swinging Strike 0-2: Ball 1-2: Strikes out swinging
|
Batting: RHB Billy Crookston
|
0-0: Reached on error, E6 (Groundball, 6, EV 101.9 MPH)
|
Batting: RHB Fabrice Bertin
|
0-0: Ball 1-0: Called Strike 1-1: Ball 2-1: Ball 3-1: Ground out 6-3 (Groundball, 4M, EV 87.5 MPH) Billy Crookston to third
|
Batting: RHB Josh Martin
|
0-0: Called Strike 0-1: Swinging Strike 0-2: Ball 1-2: Ball 2-2: Ball 3-2: Foul Ball, location: 2F 3-2: Fly out, F9 (Flyball, 9LM, EV 88.1 MPH)
|
Top of the 2nd over - 0 runs, 0 hits, 1 error, 1 left on base; Memphis 0 - Reno 1 |
BOTTOM OF THE 2ND |
Reno Aces batting - Pitching for Memphis Redbirds : RHP Paul Schwartz
|
Batting: RHB Justin McQuarter
|
0-0: Ball 1-0: Ball 2-0: Called Strike 2-1: SINGLE (Groundball, 6MS, EV 70.0 MPH) (infield hit)
|
Batting: RHB Roberto Rodriguez
|
0-0: Fly out, F7 (Flyball, 7, EV 81.9 MPH)
|
Batting: RHB Danny Gerardo
|
0-0: Ball 1-0: Ball 2-0: Ball 3-0: Base on Balls Justin McQuarter to second
|
Batting: RHB Dustin Clark
|
0-0: Called Strike 0-1: Called Strike Justin McQuarter steals 3rd base Danny Gerardo to second 0-2: Ball 1-2: Ball 2-2: Ball 3-2: Ground out 6-3 (Groundball, 6, EV 104.4 MPH) Justin McQuarter scores
|
Batting: SHB Carlos Rodriguez
|
0-0: Ball 1-0: Ball 2-0: Ball 3-0: Base on Balls
|
Batting: LHB Ian Jarvis
|
0-0: SINGLE (Groundball, 56D, EV 106.2 MPH) Danny Gerardo to third Carlos Rodriguez to second Runner from 3rd tries for Home, throw by LF and OUT! 7-2
|
Bottom of the 2nd over - 1 run, 2 hits, 0 errors, 2 left on base; Memphis 0 - Reno 2 |
TOP OF THE 3RD |
Memphis Redbirds batting - Pitching for Reno Aces : RHP Yeong-kil Suck
|
Now at 3B: Edgar Garcia
|
|
Now at SS: Steve Reinhart
|
|
Batting: LHB John Bailey
|
0-0: Called Strike 0-1: Fly out, F4 (Line Drive, 4, EV 70.6 MPH)
|
Batting: LHB Adam Eisen
|
0-0: Ball 1-0: SINGLE (Line Drive, 6D, EV 93.8 MPH)
|
Batting: RHB Joe Smack
|
0-0: Called Strike 0-1: Ball 1-1: Ball 2-1: Called Strike 2-2: Ball 3-2: Base on Balls Adam Eisen to second
|
Batting: SHB Dan Lash
|
0-0: Foul Ball, location: 2F 0-1: Called Strike 0-2: Ball 1-2: Ball 2-2: Ball 3-2: Grounds into double play, 4-6-3 (Groundball, 4MS, EV 83.1 MPH)
|
Top of the 3rd over - 0 runs, 1 hit, 0 errors, 1 left on base; Memphis 0 - Reno 2 |
BOTTOM OF THE 3RD |
Reno Aces batting - Pitching for Memphis Redbirds : RHP Paul Schwartz
|
Batting: LHB Kevin Ferguson
|
0-0: Ball 1-0: Ball 2-0: Fly out, F5 (Popup, 25, EV 82.5 MPH)
|
Batting: LHB Jeff Densmore
|
0-0: Ball 1-0: Ball 2-0: Ball 3-0: Called Strike 3-1: Base on Balls
|
Batting: LHB Steve Reinhart
|
0-0: Swinging Strike 0-1: Foul Ball, location: 2F 0-2: Ball 1-2: Ball 2-2: Strikes out swinging
|
Batting: RHB Justin McQuarter
|
0-0: Ball 1-0: Ground out 4-3 (Groundball, 13, EV 90.6 MPH)
|
Bottom of the 3rd over - 0 runs, 0 hits, 0 errors, 1 left on base; Memphis 0 - Reno 2 |
TOP OF THE 4TH |
Memphis Redbirds batting - Pitching for Reno Aces : RHP Yeong-kil Suck
|
Batting: LHB Kyle Schaible
|
0-0: SINGLE (Groundball, 4MD, EV 88.8 MPH) (infield hit)
|
Batting: LHB Ronnie Ashley
|
0-0: Swinging Strike 0-1: Foul Ball, location: 2F 0-2: Foul Ball, location: 2F 0-2: Foul Ball, location: 2F 0-2: SINGLE (Groundball, 34D, EV 102.5 MPH) Kyle Schaible to second Runner from 2nd tries for 3rd, SAFE, throw by RF made to third
|
Batting: RHB Billy Crookston
|
0-0: SINGLE (Line Drive, 7S, EV 92.5 MPH) Kyle Schaible scores Ronnie Ashley to second
|
Batting: RHB Fabrice Bertin
|
0-0: Ball 1-0: Foul Ball, location: 2F 1-1: Ball 2-1: Swinging Strike 2-2: Ball 3-2: Grounds into double play, 6-4-3 (Groundball, 56, EV 98.1 MPH) Ronnie Ashley to third
|
Batting: RHB Josh Martin
|
0-0: Ball 1-0: Ball 2-0: Ball 3-0: Called Strike 3-1: Base on Balls
|
Batting: LHB John Bailey
|
0-0: Ball 1-0: Called Strike 1-1: Called Strike 1-2: Ball 2-2: Strikes out swinging
|
Top of the 4th over - 1 run, 3 hits, 0 errors, 2 left on base; Memphis 1 - Reno 2 |
BOTTOM OF THE 4TH |
Reno Aces batting - Pitching for Memphis Redbirds : RHP Paul Schwartz
|
Batting: RHB Roberto Rodriguez
|
0-0: Foul Ball, location: 2F 0-1: Ball 1-1: Called Strike 1-2: Ball 2-2: Ball 3-2: Ground out 5-3 (Groundball, 56S, EV 70.6 MPH)
|
Batting: RHB Edgar Garcia
|
0-0: Called Strike 0-1: Swinging Strike 0-2: Ball 1-2: Strikes out swinging
|
Batting: RHB Dustin Clark
|
0-0: Ball 1-0: Foul Ball, location: 2F 1-1: Called Strike 1-2: Strikes out swinging
|
Bottom of the 4th over - 0 runs, 0 hits, 0 errors, 0 left on base; Memphis 1 - Reno 2 |
TOP OF THE 5TH |
Memphis Redbirds batting - Pitching for Reno Aces : RHP Yeong-kil Suck
|
Batting: LHB Adam Eisen
|
0-0: Ball 1-0: Ground out U3 (Groundball, 3, EV 80.6 MPH)
|
Batting: RHB Joe Smack
|
0-0: Ball 1-0: Ground out 6-3 (Groundball, 6M, EV 102.5 MPH)
|
Batting: SHB Dan Lash
|
0-0: Foul Ball, location: 2F 0-1: Ball 1-1: Fly out, F3 (Line Drive, 3L, EV 73.8 MPH)
|
Top of the 5th over - 0 runs, 0 hits, 0 errors, 0 left on base; Memphis 1 - Reno 2 |
BOTTOM OF THE 5TH |
Reno Aces batting - Pitching for Memphis Redbirds : RHP Paul Schwartz
|
Batting: SHB Carlos Rodriguez
|
0-0: SINGLE (Groundball, 34D, EV 103.8 MPH) (infield hit)
|
Batting: LHB Ian Jarvis
|
0-0: Called Strike 0-1: Ball 1-1: Ball 2-1: Called Strike 2-2: Foul Ball, location: 2F 2-2: Fly out, F9 (Flyball, 89S, EV 91.2 MPH)
|
Batting: LHB Kevin Ferguson
|
0-0: Called Strike 0-1: Ball 1-1: Ground out 4-3 (Groundball, 34S, EV 85.0 MPH) Carlos Rodriguez to second
|
Batting: LHB Jeff Densmore
|
0-0: Ball Wild Pitch! Carlos Rodriguez to third 1-0: Called Strike 1-1: Foul Ball, location: 2F 1-2: Ball 2-2: Foul Ball, location: 2F 2-2: 2-RUN HOME RUN (Flyball, 9LD, EV 96.2 MPH), Distance : 364 ft
|
Batting: LHB Steve Reinhart
|
0-0: Ball 1-0: Called Strike 1-1: Foul Ball, location: 2F 1-2: Ground out 6-3 (Groundball, 6, EV 78.1 MPH)
|
Bottom of the 5th over - 2 runs, 2 hits, 0 errors, 0 left on base; Memphis 1 - Reno 4 |
TOP OF THE 6TH |
Memphis Redbirds batting - Pitching for Reno Aces : RHP Yeong-kil Suck
|
Batting: LHB Kyle Schaible
|
0-0: Foul Ball, location: 2F 0-1: Ball 1-1: Fly out, F9 (Flyball, 9, EV 88.1 MPH)
|
Batting: LHB Ronnie Ashley
|
0-0: Ground out 6-3 (Groundball, 6, EV 89.4 MPH)
|
Batting: RHB Billy Crookston
|
0-0: Foul Ball, location: 2F 0-1: Ball 1-1: SINGLE (Flyball, 6D, EV 87.5 MPH)
|
Batting: RHB Fabrice Bertin
|
0-0: Foul Ball, location: 2F 0-1: Ball 1-1: Ball 2-1: Ground out U3 (Groundball, 3, EV 86.9 MPH)
|
Top of the 6th over - 0 runs, 1 hit, 0 errors, 1 left on base; Memphis 1 - Reno 4 |
BOTTOM OF THE 6TH |
Reno Aces batting - Pitching for Memphis Redbirds : RHP Paul Schwartz
|
Batting: RHB Justin McQuarter
|
0-0: Fly out, F7 (Line Drive, 7LS, EV 90.0 MPH)
|
Batting: RHB Roberto Rodriguez
|
0-0: Ball 1-0: Ground out 5-3 (Groundball, 5L, EV 90.0 MPH)
|
Batting: RHB Edgar Garcia
|
0-0: Called Strike 0-1: Foul Ball, location: 2F 0-2: Strikes out swinging
|
Bottom of the 6th over - 0 runs, 0 hits, 0 errors, 0 left on base; Memphis 1 - Reno 4 |
TOP OF THE 7TH |
Memphis Redbirds batting - Pitching for Reno Aces : RHP Yeong-kil Suck
|
Batting: RHB Josh Martin
|
0-0: Called Strike 0-1: Swinging Strike 0-2: Foul Ball, location: 2F 0-2: Strikes out swinging
|
Pitching: RHP Nick Burcham
|
|
Batting: LHB John Bailey
|
0-0: Called Strike 0-1: Fly out, F8 (Flyball, 8LXD, EV 99.4 MPH)
|
Batting: LHB Adam Eisen
|
0-0: Ground out 6-3 (Groundball, 6M, EV 103.8 MPH)
|
Top of the 7th over - 0 runs, 0 hits, 0 errors, 0 left on base; Memphis 1 - Reno 4 |
BOTTOM OF THE 7TH |
Reno Aces batting - Pitching for Memphis Redbirds : RHP Paul Schwartz
|
Pitching: LHP John Murray
|
|
Batting: RHB Dustin Clark
|
0-0: Foul Ball, location: 2F 0-1: Ball 1-1: Foul Ball, location: 2F 1-2: Strikes out swinging
|
Batting: SHB Carlos Rodriguez
|
0-0: Called Strike 0-1: Foul Ball, location: 2F 0-2: Ball 1-2: Ball 2-2: Ground out 5-3 (Groundball, 56S, EV 91.2 MPH)
|
Batting: LHB Ian Jarvis
|
0-0: Called Strike 0-1: Ball 1-1: Ball 2-1: Foul Ball, location: 2F 2-2: Foul Ball, location: 2F 2-2: Fly out, F9 (Line Drive, 9, EV 95.6 MPH)
|
Bottom of the 7th over - 0 runs, 0 hits, 0 errors, 0 left on base; Memphis 1 - Reno 4 |
TOP OF THE 8TH |
Memphis Redbirds batting - Pitching for Reno Aces : RHP Nick Burcham
|
Batting: RHB Joe Smack
|
0-0: Ball 1-0: Called Strike 1-1: SINGLE (Line Drive, 78S, EV 91.2 MPH)
|
Batting: SHB Dan Lash
|
0-0: Called Strike 0-1: Ball 1-1: Grounds into double play, 4-6-3 (Groundball, 4, EV 105.6 MPH)
|
Batting: LHB Kyle Schaible
|
0-0: SINGLE (Groundball, 3D, EV 96.2 MPH)
|
Batting: LHB Ronnie Ashley
|
0-0: Ball 1-0: Swinging Strike 1-1: Swinging Strike 1-2: Foul Ball, location: 2F 1-2: Ball 2-2: Ball 3-2: Strikes out swinging
|
Top of the 8th over - 0 runs, 2 hits, 0 errors, 1 left on base; Memphis 1 - Reno 4 |
BOTTOM OF THE 8TH |
Reno Aces batting - Pitching for Memphis Redbirds : LHP John Murray
|
Pitching: RHP Sean Hartgrove
|
|
Batting: LHB Kevin Ferguson
|
0-0: Called Strike 0-1: Ball 1-1: Called Strike 1-2: Strikes out swinging
|
Batting: LHB Jeff Densmore
|
0-0: SOLO HOME RUN (Flyball, 8RXD, EV 108.8 MPH), Distance : 418 ft
|
Batting: LHB Steve Reinhart
|
0-0: Foul Ball, location: 2F 0-1: Ground out 4-3 (Groundball, 4, EV 83.1 MPH)
|
Batting: RHB Justin McQuarter
|
0-0: Ball 1-0: Ball 2-0: Ball 3-0: Foul Ball, location: 2F 3-1: Base on Balls
|
Batting: RHB Roberto Rodriguez
|
0-0: Ball Justin McQuarter is caught stealing 2nd base 2-4
|
Bottom of the 8th over - 1 run, 1 hit, 0 errors, 0 left on base; Memphis 1 - Reno 5 |
TOP OF THE 9TH |
Memphis Redbirds batting - Pitching for Reno Aces : RHP Nick Burcham
|
Pitching: LHP Afanasy Apatenko
|
|
Batting: RHB Billy Crookston
|
0-0: SINGLE (Flyball, 4MD, EV 91.2 MPH)
|
Batting: RHB Fabrice Bertin
|
0-0: Foul Ball, location: 2F 0-1: Ball 1-1: Foul Ball, location: 2F 1-2: Strikes out swinging
|
Batting: RHB Josh Martin
|
0-0: Ball 1-0: Fielders Choice at 2nd, 6-4 (Groundball, 6S, EV 91.2 MPH)
|
Pinch Hitting: RHB Danny Gallo
|
0-0: Called Strike 0-1: Ball 1-1: Ball 2-1: Foul Ball, location: 2F 2-2: Ball 3-2: Foul Ball, location: 2F 3-2: Foul Ball, location: 2F 3-2: Base on Balls Josh Martin to second
|
Batting: LHB Adam Eisen
|
0-0: Foul Ball, location: 2F 0-1: Foul Ball, location: 2F 0-2: Strikes out swinging
|
Top of the 9th over - 0 runs, 1 hit, 0 errors, 2 left on base; Memphis 1 - Reno 5 |
|